| 
	| TOP OF THE 1ST | 
|---|
 
		| Roswell Invaders batting - Pitching for Calgary Flames : LHP Tony Duque |  
		| Pitching: LHP Tony Duque |  |  
		| Batting: LHB Jalen Williams | 0-0: Called Strike 0-1: Ball
 1-1: Called Strike
 1-2: Ball
 2-2: Ball
 3-2:  SOLO HOME RUN  (Flyball, 78XD, EV 116.9 MPH), Distance : 452 ft
 |  
		| Batting: RHB Carlos Gonzalez | 0-0: Called Strike 0-1: Ball
 1-1: Ground out 4-3 (Groundball, 6M, EV 97.5 MPH)
 |  
		| Batting: LHB Ivan Cortez | 0-0: Swinging Strike 0-1: Called Strike
 0-2: Ball
 1-2: Foul Ball, location: 2F
 1-2: Ball
 2-2:  Fly out, F7  (Flyball, 7, EV 89.4 MPH)
 |  
		| Batting: LHB Angelo Lira | 0-0: Called Strike 0-1: Swinging Strike
 0-2: Strikes out swinging
 |  
		| Top of the 1st over - 1 run, 1 hit, 0 errors, 0 left on base; Roswell 1 - Calgary 0 |  
	| BOTTOM OF THE 1ST | 
|---|
 
		| Calgary Flames batting - Pitching for Roswell Invaders : RHP Ricky Ramos |  
		| Pitching: RHP Ricky Ramos |  |  
		| Batting: RHB Peter Frankel | 0-0: Ball 1-0: Called Strike
 1-1: Swinging Strike
 1-2: Strikes out swinging
 |  
		| Batting: RHB Andre Thompson | 0-0: Called Strike 0-1: Foul Ball, location: 2F
 0-2: Foul Ball, location: 2F
 0-2: Ball
 1-2: Ball
 2-2: Strikes out swinging
 |  
		| Batting: RHB Norinaga Yamakawakamatsu | 0-0: Called Strike 0-1: Ball
 1-1:  Fly out, F8  (Flyball, 8LM, EV 83.8 MPH)
 |  
		| Bottom of the 1st over - 0 runs, 0 hits, 0 errors, 0 left on base; Roswell 1 - Calgary 0 |  
	| TOP OF THE 2ND | 
|---|
 
		| Roswell Invaders batting - Pitching for Calgary Flames : LHP Tony Duque |  
		| Batting: LHB Julio Zamora | 0-0: SINGLE  (Line Drive, 8LS, EV 94.4 MPH) |  
		| Batting: RHB Jason Hanson | 0-0: Called Strike 0-1: Ball
 1-1: Called Strike
 1-2: Ball
 2-2: Foul Ball, location: 2F
 2-2: Strikes out swinging
 |  
		| Batting: LHB Adam Spence | 0-0: Ball 1-0: DOUBLE  (Line Drive, 9LS, EV 96.9 MPH)
 Julio Zamora to third
 |  
		| Batting: RHB Shinichi Miyamoto | 0-0:  Fly out, F9  (Flyball, 89M, EV 81.9 MPH) Runner from 3rd tags up, SCORES, throw by RF
 Adam Spence to third
 |  
		| Batting: SHB Sandy Burke | 0-0: Called Strike 0-1: Ball
 1-1: Foul Ball, location: 2F
 1-2: Ball
 2-2: Foul Ball, location: 2F
 2-2: Strikes out swinging
 |  
		| Top of the 2nd over - 1 run, 2 hits, 0 errors, 1 left on base; Roswell 2 - Calgary 0 |  
	| BOTTOM OF THE 2ND | 
|---|
 
		| Calgary Flames batting - Pitching for Roswell Invaders : RHP Ricky Ramos |  
		| Batting: LHB Gary Corrales | 0-0: Foul Ball, location: 2F 0-1: Swinging Strike
 0-2: Ball
 1-2: Ball
 2-2: Ball
 3-2: Strikes out swinging
 |  
		| Batting: LHB Ben Landry | 0-0: Foul Ball, location: 2F 0-1: SINGLE  (Groundball, 4MD, EV 96.9 MPH)
 |  
		| Batting: RHB Tyler Johnson | 0-0: Ball 1-0: Called Strike
 1-1: Swinging Strike
 1-2: Ball
 2-2: Strikes out swinging
 |  
		| Batting: RHB Chad Stady | 0-0: Called Strike 0-1:  Fly out, F8  (Flyball, 8LD, EV 107.5 MPH)
 |  
		| Bottom of the 2nd over - 0 runs, 1 hit, 0 errors, 1 left on base; Roswell 2 - Calgary 0 |  
	| TOP OF THE 3RD | 
|---|
 
		| Roswell Invaders batting - Pitching for Calgary Flames : LHP Tony Duque |  
		| Batting: LHB Jalen Williams | 0-0: Called Strike 0-1: Ball
 1-1:  Fly out, F4  (Flyball, 34D, EV 92.5 MPH)
 |  
		| Batting: RHB Carlos Gonzalez | 0-0: Ball 1-0: Called Strike
 1-1: SINGLE  (Flyball, 56D, EV 92.5 MPH)
 |  
		| Batting: LHB Ivan Cortez | 0-0: Ball 1-0: Ball
 2-0: Grounds into double play, 4-6-3 (Groundball, 4, EV 86.9 MPH)
 |  
		| Top of the 3rd over - 0 runs, 1 hit, 0 errors, 0 left on base; Roswell 2 - Calgary 0 |  
	| BOTTOM OF THE 3RD | 
|---|
 
		| Calgary Flames batting - Pitching for Roswell Invaders : RHP Ricky Ramos |  
		| Batting: RHB Juan Mercado | 0-0: Ball 1-0: Reached on error, E4 (Groundball, 4, EV 89.4 MPH)
 |  
		| Batting: RHB Pablo Henriquez | 0-0: Foul Ball, location: 2F 0-1: Swinging Strike
 0-2: Ball
 1-2: SINGLE  (Groundball, 56S, EV 68.1 MPH) (infield hit)
 Juan Mercado to third
 |  
		| Batting: RHB Peter Frankel | 0-0: Called Strike 0-1: SINGLE  (Groundball, 56D, EV 86.9 MPH) (infield hit)
 Juan Mercado scores
 Pablo Henriquez to second
 |  
		| Batting: RHB Andre Thompson | 0-0: Fielders Choice at 2nd, 5-4 (Groundball, 56, EV 93.8 MPH) Pablo Henriquez to third
 |  
		| Batting: RHB Norinaga Yamakawakamatsu | 0-0: Called Strike 0-1: Grounds into double play, 6-4-3 (Groundball, 6M, EV 99.4 MPH)
 |  
		| Bottom of the 3rd over - 1 run, 2 hits, 1 error, 1 left on base; Roswell 2 - Calgary 1 |  
	| TOP OF THE 4TH | 
|---|
 
		| Roswell Invaders batting - Pitching for Calgary Flames : LHP Tony Duque |  
		| Batting: LHB Angelo Lira | 0-0: Foul Ball, location: 2F 0-1: Swinging Strike
 0-2: Strikes out looking
 |  
		| Batting: LHB Julio Zamora | 0-0: Foul Ball, location: 2F 0-1: Called Strike
 0-2: Ball
 1-2:  Fly out, F8  (Line Drive, 8LM, EV 90.0 MPH)
 |  
		| Batting: RHB Jason Hanson | 0-0: Foul Ball, location: 2F 0-1: Called Strike
 0-2: Foul Ball, location: 2F
 0-2: Strikes out swinging
 |  
		| Top of the 4th over - 0 runs, 0 hits, 0 errors, 0 left on base; Roswell 2 - Calgary 1 |  
	| BOTTOM OF THE 4TH | 
|---|
 
		| Calgary Flames batting - Pitching for Roswell Invaders : RHP Ricky Ramos |  
		| Batting: LHB Gary Corrales | 0-0: Ground out 4-3 (Groundball, 4, EV 103.1 MPH) |  
		| Batting: LHB Ben Landry | 0-0: Called Strike 0-1: DOUBLE  (Flyball, 89D, EV 97.5 MPH)
 |  
		| Batting: RHB Tyler Johnson | 0-0: Ball 1-0: Ball
 2-0: Called Strike
 2-1: Ball
 3-1: Foul Ball, location: 2F
 3-2: Foul Ball, location: 2F
 3-2: Base on Balls
 |  
		| Batting: RHB Chad Stady | 0-0: Swinging Strike 0-1: Ball
 1-1: Called Strike
 1-2: Ball
 2-2: Strikes out looking
 |  
		| Batting: RHB Juan Mercado | 0-0: Swinging Strike 0-1: Foul Ball, location: 2F
 0-2: Foul Ball, location: 2F
 0-2: Foul Ball, location: 2F
 0-2:  Fly out, F9  (Flyball, 9LM, EV 100.6 MPH)
 |  
		| Bottom of the 4th over - 0 runs, 1 hit, 0 errors, 2 left on base; Roswell 2 - Calgary 1 |  
	| TOP OF THE 5TH | 
|---|
 
		| Roswell Invaders batting - Pitching for Calgary Flames : LHP Tony Duque |  
		| Batting: LHB Adam Spence | 0-0: Called Strike 0-1: Foul Ball, location: 2F
 0-2: Strikes out swinging
 |  
		| Batting: RHB Shinichi Miyamoto | 0-0: Ball 1-0: Ball
 2-0: Ball
 3-0: Base on Balls
 |  
		| Batting: SHB Sandy Burke | 0-0: Called Strike 0-1: Swinging Strike
 0-2: Ball
 1-2: Ball
 2-2: Foul Ball, location: 2F
 2-2: Strikes out swinging
 |  
		| Batting: LHB Jalen Williams | 0-0: Ball 1-0: Called Strike
 1-1: Called Strike
 1-2: Foul Ball, location: 2F
 1-2: Ball
 2-2: Strikes out swinging
 |  
		| Top of the 5th over - 0 runs, 0 hits, 0 errors, 1 left on base; Roswell 2 - Calgary 1 |  
	| BOTTOM OF THE 5TH | 
|---|
 
		| Calgary Flames batting - Pitching for Roswell Invaders : RHP Ricky Ramos |  
		| Batting: RHB Pablo Henriquez | 0-0: Ball 1-0: Called Strike
 1-1: Ground out 4-3 (Groundball, 4, EV 80.0 MPH)
 |  
		| Batting: RHB Peter Frankel | 0-0: Ball 1-0: Foul Ball, location: 2F
 1-1: SINGLE  (Line Drive, 4MD, EV 105.0 MPH)
 |  
		| Batting: RHB Andre Thompson | 0-0: Ball 1-0:  Fly out, F8  (Flyball, 78D, EV 93.1 MPH)
 |  
		| Batting: RHB Norinaga Yamakawakamatsu | 0-0: Ball 1-0: Foul Ball, location: 2F
 1-1:  2-RUN HOME RUN  (Flyball, 9LD, EV 95.0 MPH), Distance : 359 ft
 |  
		| Batting: LHB Gary Corrales | 0-0: Ball 1-0: Ground out 6-3 (Groundball, 6, EV 90.0 MPH)
 |  
		| Bottom of the 5th over - 2 runs, 2 hits, 0 errors, 0 left on base; Roswell 2 - Calgary 3 |  
	| TOP OF THE 6TH | 
|---|
 
		| Roswell Invaders batting - Pitching for Calgary Flames : LHP Tony Duque |  
		| Batting: RHB Carlos Gonzalez | 0-0: Called Strike 0-1: Ball
 1-1: Ball
 2-1: Swinging Strike
 2-2: Ball
 3-2: Strikes out swinging
 |  
		| Batting: LHB Ivan Cortez | 0-0: Ball 1-0: Ball
 2-0: Ball
 3-0: Called Strike
 3-1: Base on Balls
 |  
		| Pitching: RHP Dennis Seebacher |  |  
		| Batting: LHB Angelo Lira | 0-0: Ball Ivan Cortez is caught stealing 2nd base 2-6
 1-0: Foul Ball, location: 2F
 1-1:  Fly out, F8  (Flyball, 8LS, EV 92.5 MPH)
 |  
		| Top of the 6th over - 0 runs, 0 hits, 0 errors, 0 left on base; Roswell 2 - Calgary 3 |  
	| BOTTOM OF THE 6TH | 
|---|
 
		| Calgary Flames batting - Pitching for Roswell Invaders : RHP Ricky Ramos |  
		| Batting: LHB Ben Landry | 0-0: Ball 1-0: Ball
 2-0: Ball
 3-0: Called Strike
 3-1: Base on Balls
 |  
		| Batting: RHB Tyler Johnson | 0-0: Ball 1-0: Swinging Strike
 1-1: Called Strike
 1-2: Foul Ball, location: 2F
 1-2: Ball
 2-2: Ball
 3-2: Strikes out swinging
 |  
		| Batting: RHB Chad Stady | 0-0: Ball 1-0: Called Strike
 1-1: Called Strike
 1-2: Foul Ball, location: 2F
 1-2: Strikes out swinging
 |  
		| Batting: RHB Juan Mercado | 0-0: Ball 1-0: Ball
 2-0: Foul Ball, location: 2F
 2-1:  Fly out, F7  (Line Drive, 7, EV 96.9 MPH)
 |  
		| Bottom of the 6th over - 0 runs, 0 hits, 0 errors, 1 left on base; Roswell 2 - Calgary 3 |  
	| TOP OF THE 7TH | 
|---|
 
		| Roswell Invaders batting - Pitching for Calgary Flames : RHP Dennis Seebacher |  
		| Pinch Hitting: RHB Homer Petropoulos | 0-0: Ball 1-0: Called Strike
 1-1: Ball
 2-1: Ground out 5-3 (Groundball, 5D, EV 83.8 MPH)
 |  
		| Pinch Hitting: RHB Drew Sigona | 0-0:  Fly out, F9  (Flyball, 89S, EV 90.0 MPH) |  
		| Pinch Hitting: RHB Hidemitsu Matsuno | 0-0: Called Strike 0-1: Ground out U3 (Groundball, 34, EV 76.9 MPH)
 |  
		| Top of the 7th over - 0 runs, 0 hits, 0 errors, 0 left on base; Roswell 2 - Calgary 3 |  
	| BOTTOM OF THE 7TH | 
|---|
 
		| Calgary Flames batting - Pitching for Roswell Invaders : RHP Ricky Ramos |  
		| Now at 1B: Hidemitsu Matsuno |  |  
		| Now in LF: Drew Sigona |  |  
		| Now in RF: Homer Petropoulos |  |  
		| Batting: RHB Pablo Henriquez | 0-0: SINGLE  (Groundball, 4MD, EV 94.4 MPH) |  
		| Batting: RHB Peter Frankel | 0-0: Called Strike Pablo Henriquez is caught stealing 2nd base 2-4
 0-1:  Fly out, F8  (Line Drive, 8RS, EV 96.9 MPH)
 |  
		| Batting: RHB Andre Thompson | 0-0: Swinging Strike 0-1: Foul Ball, location: 2F
 0-2: SINGLE  (Flyball, 7LM, EV 95.6 MPH)
 |  
		| Batting: RHB Norinaga Yamakawakamatsu | 0-0: Fielders Choice at 2nd, 6-4 (Groundball, 6, EV 108.8 MPH) |  
		| Bottom of the 7th over - 0 runs, 2 hits, 0 errors, 1 left on base; Roswell 2 - Calgary 3 |  
	| TOP OF THE 8TH | 
|---|
 
		| Roswell Invaders batting - Pitching for Calgary Flames : RHP Dennis Seebacher |  
		| Batting: RHB Shinichi Miyamoto | 0-0: Ball 1-0:  Fly out, F7  (Flyball, 78M, EV 95.6 MPH)
 |  
		| Pinch Hitting: RHB Matt Satterfield | 0-0: Ground out 6-3 (Groundball, 6, EV 82.5 MPH) |  
		| Batting: LHB Falco van Koeveringe | 0-0: Ball 1-0: Ball
 2-0: Ball
 3-0: Called Strike
 3-1: Foul Ball, location: 2F
 3-2: Strikes out swinging
 |  
		| Top of the 8th over - 0 runs, 0 hits, 0 errors, 0 left on base; Roswell 2 - Calgary 3 |  
	| BOTTOM OF THE 8TH | 
|---|
 
		| Calgary Flames batting - Pitching for Roswell Invaders : RHP Ricky Ramos |  
		| Now at 3B: Benjie Alejandro |  |  
		| Batting: LHB Gary Corrales | 0-0: Foul Ball, location: 2F 0-1: Ball
 1-1: Ball
 2-1: Swinging Strike
 2-2: Ball
 3-2: Base on Balls
 |  
		| Pitching: RHP Sergio Reyes |  |  
		| Batting: LHB Ben Landry | 0-0: Ball 1-0:  2-RUN HOME RUN  (Flyball, 9LD, EV 98.1 MPH), Distance : 362 ft
 |  
		| Batting: RHB Tyler Johnson | 0-0:  Fly out, F5  (Popup, 25, EV 84.4 MPH) |  
		| Batting: RHB Chad Stady | 0-0: Called Strike 0-1: Ball
 1-1:  Fly out, F3  (Popup, 3SF, EV 70.0 MPH)
 |  
		| Batting: RHB Juan Mercado | 0-0: Foul Ball, location: 2F 0-1: Ball
 1-1: Ball
 2-1: Ball
 3-1: Swinging Strike
 3-2: Foul Ball, location: 2F
 3-2: Strikes out looking
 |  
		| Bottom of the 8th over - 2 runs, 1 hit, 0 errors, 0 left on base; Roswell 2 - Calgary 5 |  
	| TOP OF THE 9TH | 
|---|
 
		| Roswell Invaders batting - Pitching for Calgary Flames : RHP Dennis Seebacher |  
		| Pitching: RHP Chad Kraemer |  |  
		| Pinch Hitting: RHB Shing Mah | 0-0: Foul Ball, location: 2F 0-1: Called Strike
 0-2: Foul Ball, location: 2F
 0-2: Strikes out swinging
 |  
		| Batting: LHB Ivan Cortez | 0-0: Ball 1-0: Swinging Strike
 1-1:  Fly out, F7  (Flyball, 7, EV 91.2 MPH)
 |  
		| Batting: LHB Angelo Lira | 0-0: Called Strike 0-1: Ball
 1-1: Called Strike
 1-2: Strikes out looking
 |  
		| Top of the 9th over - 0 runs, 0 hits, 0 errors, 0 left on base; Roswell 2 - Calgary 5 |  |